AoeStats
← DoubleDutch369

Arena

507878088Analyzed
1v1 RM · 11d ago on Sep 20, 2026· 48m 25s· 2 players
Game mode
Random Map
Map size
Tiny (2 player)
Population
200
Speed
Normal
Resources
Standard
Victory
Conquest
Starting age
Dark Age
Ending age
Imperial Age
RankedLock teamsTeams togetherTeam positionsShared explorationLock speedFull tech treeHidden civsTurbo modeCheats
Victory
Defeat
🇨🇦 Franks · Canada
1159
+15
🇲🇽 Chinese · Mexico
1140
-15
revan
0:26 Loom
10:04 Feudal Age
14:06 Castle Age
12:24 Double-Bit Axe
12:38 Horse Collar
15:46 Heavy Plow
26:00 Imperial Age
24:17 Forging
24:16 Scale Barding Armor
25:23 Bloodlines
25:52 Iron Casting
26:02 Wheelbarrow
25:13 Town Watch
25:36 Husbandry
26:31 Chain Barding Armor
26:06 Gold Mining
26:12 Stone Mining
26:20 Stone Mining
26:47 Town Patrol
27:28 Gold Shaft Mining
27:05 Bow Saw
26:41 Cavalier
28:24 Blast Furnace
28:14 Hand Cart
28:22 Conscription
29:15 Plate Barding Armor
31:43 Stone Shaft Mining
31:05 Fletching
31:46 Ballistics
34:00 Bodkin Arrow
34:28 Elite Skirmisher
36:37 Chemistry
36:43 Padded Archer Armor
36:44 Bracer
39:37 Leather Archer Armor
39:45 Scale Mail Armor
39:31 Pikeman
40:11 Squires
41:50 Halberdier
43:57 Chain Mail Armor
44:16 Ring Archer Armor
45:06 Careening
44:52 Murder Holes
DoubleDutch369
10:51 Feudal Age
15:40 Castle Age
14:36 Forging
14:39 Double-Bit Axe
16:55 Bow Saw
22:34 Wheelbarrow
25:11 Gold Mining
25:12 Stone Mining
26:51 Scale Barding Armor
27:23 Iron Casting
26:42 Town Watch
29:45 Imperial Age
27:38 Ballistics
26:48 Elite Skirmisher
27:40 Husbandry
27:42 Padded Archer Armor
28:24 Fletching
31:27 Gold Shaft Mining
31:28 Bodkin Arrow
31:11 Cavalier
36:01 Blast Furnace
35:22 Chain Barding Armor
36:14 Conscription
35:55 Chivalry
35:28 Paladin
38:44 Leather Archer Armor
41:55 Masonry
42:10 Loom
42:44 Hand Cart
43:45 Architecture
44:17 Chemistry
46:51 Plate Barding Armor
48:50 Murder Holes
49:02 Siege Engineers
Connection lost

Rejoining the realm…

Still unreachable

The connection could not be restored.

Session expired

The server has moved on; the page needs a fresh start.